 Dungeon Crawl Stone Soup version 0.31-a0-1-g4198be8af4 (webtiles) character file.

Game seed: 9710192526592059239

26 Jeffwins the Firebug (level 3, 0/24 HPs)
             Began as a Human Wanderer on Apr 30, 2023.
             Slain by a ball python (3 damage)
             ... on level 1 of the Dungeon.
             The game lasted 00:01:04 (682 turns).

Jeffwins the Firebug (Human Wanderer)                Turns: 682, Time: 00:01:05

Health: 0/24       AC:  2    Str: 10    XL:     3   Next: 22%
Magic:  4/7        EV:  7    Int: 17    God:
Gold:   22         SH:  4    Dex: 11    Spells: 7/8 levels left

rFire   . . .        a - +0 dagger
rCold   . . .        d - +0 buckler
rNeg    . . .        c - +0 robe
rPois   .            (no helmet)
rElec   .            (no cloak)
rCorr   .            (no gloves)
SInv    .            (no boots)
Will    .....        (no amulet)
Stlth   +            (no ring)
HPRegen 0.24/turn    (no ring)
MPRegen 0.10/turn

%: no passive effects
@: constricted
A: no striking features
a: no special abilities


You were on level 1 of the Dungeon.
You visited 1 branch of the dungeon, and saw 1 of its levels.

You collected 22 gold pieces.


   Skills:
 - Level 1.0 Throwing
 - Level 1.0 Armour
 + Level 0.5 Stealth
 + Level 2.1 Shields
 * Level 3.2 Spellcasting
 * Level 1.2 Conjurations
 * Level 3.3 Fire Magic


You had 7 spell levels left.
You knew the following spells:

 Your Spells              Type           Power      Damage    Failure   Level
z - Foxfire               Conj/Fire      40%        2x1d6     10%         1

Your spell library contained the following spells:

 Spells                   Type           Power      Damage    Failure   Level
 Freeze                   Ice            8%         1d3       26%         1
 Ignite Poison            Fire/Tmut/Pois 6%         N/A       43%         3
 Frozen Ramparts          Ice            4%         1d1       58%         3
 Sticky Flame             Conj/Fire      10%        2d3       69%         4

Inventory:

Hand Weapons
 a - a +0 dagger (weapon)
Armour
 c - a +0 robe (worn)
 d - a +0 buckler (worn)
Scrolls
 f - a scroll of teleportation {unknown}
 h - a scroll of poison {unknown}
 i - a scroll of silence {unknown}
 j - a scroll of vulnerability {unknown}
Potions
 b - a potion of curing {@q1}
 e - 2 potions of heal wounds {unknown}
 g - a potion of haste {unknown}

Dungeon Overview and Level Annotations

Branches:
Dungeon (1/15)

Altars:

#.#
########
#.# # #.#
## #.##
#.
#..####
#.
##....#
#. ####.#
## #v##
#v@#
##.S#
.†(#
.....
.......
......##.
.......#
..
........#
##


You could see a ball python (ally target).


Message History

You hit the hobgoblin but do no damage.
The foxfire hits the hobgoblin.
The hobgoblin is moderately wounded.
The foxfire hits the hobgoblin but does no damage.
The hobgoblin is moderately wounded.
The ball python barely misses you. The ball python constricts you.
The hobgoblin hits you.
* * * LOW HITPOINT WARNING * * *
Casting: Foxfire (safe; 10% risk of failure)
Confirm with . or Enter, or press ? or * to list all spells.
You conjure some foxfire!
The ball python bites you.
* * * LOW HITPOINT WARNING * * *
The ball python constricts you.
* * * LOW HITPOINT WARNING * * *
The hobgoblin hits you.
* * * LOW HITPOINT WARNING * * *
The ball python bites you.
* * * LOW HITPOINT WARNING * * *
The ball python constricts you.
You closely miss the ball python.
The ball python is moderately wounded.
The foxfire hits the hobgoblin.
You kill the hobgoblin!
The foxfire hits the jackal.
You kill the jackal!
The ball python bites you but does no damage.
The ball python constricts you.
Casting: Foxfire (safe; 10% risk of failure)
Confirm with . or Enter, or press ? or * to list all spells.
You conjure some foxfire!
The ball python bites you.
You die...

Skill      XL: |  1  2 |
---------------+-------+-----
Conjurations   | 1 |  1.2
Throwing       | |  1.0
Armour         | |  1.0
Stealth        | |  0.5
Shields        | |  2.1
Spellcasting   | |  3.2
Fire Magic     | |  3.3

Action                     || total
---------------------------++-------
  Melee: Dagger            ||    30
   Cast: Foxfire           ||    33
 Armour: Robe              ||    11
  Dodge: Dodged            ||    15
  Block: Buckler           ||     4

Levels and vault maps discovered:
D:1:      dpeg_arrival_ratfight, layout_basic, patterned_corridor

Notes
Turn   | Place    | Note
-------+----------+-------------------------------------------
     0 | D:1      | Jeffwins the Human Wanderer began the quest for the Orb.
     0 | D:1      | Jeffwins set off with the following items: a +0 dagger, a
                  | potion of curing {@q1}, a +0 robe, a +0 buckler; and the
                  | following spells available to memorise: Foxfire, Freeze,
                  | Ignite Poison, Frozen Ramparts, Sticky Flame.
     0 | D:1      | Reached XP level 1. HP: 13/13 MP: 4/4
     2 | D:1      | Learned a level 1 spell: Foxfire
    96 | D:1      | Reached XP level 2. HP: 19/19 MP: 6/6
   425 | D:1      | Reached skill level 1 in Conjurations
   553 | D:1      | Reached XP level 3. HP: 24/24 MP: 3/7
   680 | D:1      | HP: 2/24 [ball python (1)]
   682 | D:1      | Slain by a ball python

Vanquished Creatures
  A dart slug (D:1)
  2 endoplasms (D:1)
  2 goblins (D:1)
  A hobgoblin (D:1)
  5 jackals (D:1)
  A kobold (D:1)
  A quokka (D:1)
  2 ball pythons (D:1)
  2 frilled lizards (D:1)
  6 rats (D:1)
23 creatures vanquished.

Vanquished Creatures (others)
  56 foxfires (D:1)
56 creatures vanquished.

Grand Total: 79 creatures vanquished

Table legend: (Time is in decaauts)
 A = Elapsed time spent in this place.
 B = Non-inter-level travel time spent in this place.
 C = Inter-level travel time spent in this place.
 D = Time resting spent in this place.
 E = Time spent auto-exploring this place.
 F = Levels seen in this place.
 G = Mean time per level.
                   A        B        C        D        E       F      G
               +--------+--------+--------+--------+--------+-----+--------+
         Total |    683 |    683 |      0 |      0 |    552 |   1 |  683.0 |
       Dungeon |    683 |    683 |      0 |      0 |    552 |   1 |  683.0 |
               +--------+--------+--------+--------+--------+-----+--------+

Top non-repeatable levels by time:
     D:1: 683 daAuts

Table legend:
 A = Non-vault XP
 B = Vault XP
 C = Vault XP percentage of total XP
 D = Non-vault monster count
 E = Vault monster count
 F = Vault count percentage of total count
                 A         B        C        D         E       F
            +---------+---------+-------+---------+---------+-------
      Total |      33 |       5 |  13.2 |      18 |       5 |  21.7
            +---------+---------+-------+---------+---------+-------
        D:1 |      33 |       5 |  13.2 |      18 |       5 |  21.7
            +---------+---------+-------+---------+---------+-------
